 Dungeon Crawl Stone Soup version 0.28.0-62-gf88900778d (webtiles) character file.

Game seed: 2207375391091439114

103012 tkbsonic5 the Eclecticist (level 16, -2/114 HPs)
             Began as a Djinni Earth Elementalist on July 10, 2023.
             Was a Follower of Yredelemnul.
             Slain by a +0 morningstar (9 damage)
             ... on level 1 of the Spider Nest on July 23, 2023.
             The game lasted 02:11:35 (24354 turns).

tkbsonic5 the Eclecticist (DjEE)                   Turns: 24354, Time: 02:11:37

Health: -2/114     AC: 22    Str:  3    XL:     16   Next: 87%
Gold:   426        EV: 16    Int: 26    God:    Yredelemnul [*.....] SH:  0 Dex: 15

rFire   + + +      SeeInvis +   X - +8 long sword of Purpose {speed, SInv, (!!!!9,18! (x2)}
rCold   x x .      Faith    .   (no shield)
rNeg    . . .      Spirit   .   M - +4 steam dragon scales {Blaze Witch Myrmidon}
rPois   ∞          Reflect  .   y - +3 crown of Dyrovepreva {rElec Int+2 SInv}
rElec   +          Harm     .   a - +2 cloak {Dread Genie Sanctus}
rCorr   .          Rampage  .   U - +2 pair of gloves of Luhyrebb {rElec rF+ Will++ Str-4}
Will    +++..                   (boots unavailable)
Stlth   ++........              s - amulet of regeneration
HPRegen 1.09/turn               O - +4 ring of protection
MPRegen 0.00/turn               Q - ring of fire

@: flying, hasted, unable to read, very quick
A: sickness immunity, fire resistance 2, cold vulnerability 1, float, innate
caster, HP casting, extra vitality 1, inability to read while threatened
a: Renounce Religion, Recall Undead Harvest


You were on level 1 of the Spider Nest.
You worshipped Yredelemnul.
Yredelemnul was noncommittal.
You visited 5 branches of the dungeon, and saw 25 of its levels.
You also visited: Volcano.

You collected 2478 gold pieces.
You spent 2052 gold pieces at shops.

Inventory:

Hand Weapons
 b - the +10 scythe "Impslayer" {pain, rElec Str+6 Dex+5, (!!!!6,24!!!!!++)}
   (You took it off an orc wizard on level 12 of the Dungeon)

   In the hands of one skilled in necromantic magic, it inflicts extra damage on
   living creatures.
   Your inability to study Necromancy prevents you from drawing on the full
   power of this weapon.
   Str:       It affects your strength (+6).
   Dex:       It affects your dexterity (+5).
   rElec:     It insulates you from electricity.
 k - the +9 lance "Wyrmbane" {slay drac, rPois rF+ rC+ AC+3, (!!!!!13, 18^&!!!!)}
   (You took it off Maggie on level 8 of the Dungeon)

   It inflicts extra damage against dragons and draconians.
   AC:        It affects your AC (+3).
   rF:        It protects you from fire.
   rC:        It protects you from cold.
   rPois:     It protects you from poison.
 B - the +8 hand axe of Forced Transition {freeze, Contam rElec rF+ rN+ Dex+4, (!!!!!11,15++)}
   (You found it on level 4 of the Dungeon)

   It freezes those it strikes, dealing additional cold damage.
   It can also slow down cold-blooded creatures.
   Dex:       It affects your dexterity (+4).
   rF:        It protects you from fire.
   rElec:     It insulates you from electricity.
   rN:        It protects you from negative energy.
   Contam:    It causes magical contamination when unequipped.
 F - a +7 triple sword of flaming {(!!3,26!!!!!!++)}
 R - a +1 glaive of flaming {(*-1,16!!++)}
 X - the +8 long sword of Purpose (weapon) {speed, SInv, (!!!!9,18! (x2)}
   (You found it on level 3 of the Lair of Beasts)

   Attacks with this weapon are significantly faster.
   SInv:      It lets you see invisible.
Missiles
 q - 4 poisoned darts
 t - a datura-tipped dart
 v - 503 stones
 Z - a throwing net
Armour
 a - a +2 cloak (worn) {Dread Genie Sanctus}
 y - the +3 crown of Dyrovepreva (worn) {rElec Int+2 SInv}
   (You bought it in a shop on level 2 of the Orcish Mines)

   Int:       It affects your intelligence (+2).
   rElec:     It insulates you from electricity.
   SInv:      It lets you see invisible.
 G - an orb of guile
 M - +4 steam dragon scales (worn) {Blaze Witch Myrmidon}
 U - the +2 pair of gloves of Luhyrebb (worn) {rElec rF+ Will++ Str-4}
   (You found it on level 2 of the Lair of Beasts)

   Str:       It affects your strength (-4).
   rF:        It protects you from fire.
   rElec:     It insulates you from electricity.
   Will:      It greatly increases your willpower.
 W - a +0 buckler
Jewellery
 e - a ring of protection from fire
 i - a ring of see invisible
 l - an amulet of the acrobat
 o - a ring of protection from cold
 p - an amulet of reflection
 s - an amulet of regeneration (around neck)
 N - a ring of protection from cold
 O - a +4 ring of protection (left hand)
 Q - a ring of fire (right hand)
 T - a ring of protection from cold
Wands
 c - a wand of digging (24)
 f - a wand of paralysis (14)
 z - a wand of polymorph (18)
 E - a wand of mindburst (19)
 J - a wand of flame (27)
 K - a wand of iceblast (3)
Scrolls
 j - 2 scrolls of blinking
 m - 11 scrolls of teleportation
 n - 5 scrolls of fog
 r - 5 scrolls of magic mapping
 x - 2 scrolls of silence
 C - a scroll of summoning
 H - a scroll of brand weapon
 L - 5 scrolls of fear
Potions
 d - 3 potions of berserk rage
 g - 4 potions of cancellation
 h - a potion of resistance
 u - 8 potions of curing
 w - 6 potions of might
 A - a potion of lignification
 D - a potion of haste
 P - 3 potions of mutation
 S - 2 potions of brilliance
 V - a potion of ambrosia {unknown}
 Y - a potion of heal wounds


   Skills:
 - Level 10.4 Fighting
 * Level 7.1 Long Blades
 - Level 7.1 Polearms
 - Level 9.1 Dodging
 - Level 1.5 Stealth
 - Level 0.9 Shields
 * Level 17.3 Spellcasting
 - Level 6.7 Invocations


You had 13 spell levels left.
You knew the following spells:

 Your Spells              Type           Power      Damage    Failure   Level
a - Sandblast             Erth           100%       2d20      0%          1
b - Passwall              Tmut/Erth      70%        N/A       0%          2
c - Stone Arrow           Conj/Erth      100%       3d13      0%          3
d - Petrify               Tmut/Erth      85%        N/A       1%          4
e - Summon Small Mammal   Summ           100%       N/A       0%          1
f - Static Discharge      Conj/Air       85%        N/A       0%          2
g - Vampiric Draining     Necr           85%        2d12      0%          3
h - Sticky Flame          Conj/Fire      100%       2d11      1%          4
i - Irradiate             Conj/Tmut      42%        3d28      1%          5
j - Fireball              Conj/Fire      53%        3d21      1%          5
k - Starburst             Conj/Fire      53%        6d14      1%          6
Your spell library was empty.

Dungeon Overview and Level Annotations

Branches:
Dungeon (15/15)            Temple (1/1) D:5            Lair (6/6) D:8
 Shoals (0/4) Lair:4       Spider (1/4) Lair:4        Slime (0/5) Lair:5
    Orc (2/2) D:12            Elf (0/3) Orc:2        Vaults (0/5) D:13
 Depths (0/4) D:15        Volcano (visited)

Altars:
Ashenzari
Cheibriados
Dithmenos
Elyvilon
Fedhas
Gozag
Hepliaklqana
Kikubaaqudgha
Makhleb
Nemelex Xobeh
Okawaru
Qazlal
Ru
Sif Muna
Trog
Uskayaw
Vehumet
Wu Jian
Xom
Yredelemnul
Zin

Shops:
D:4 =   D:8 ?   Orc:2 (*[=

Portals:
Trove: D:15 (give 13 potions of heal wounds)

Annotations:
D:3 1 runed translucent door, Crazy Yiuf
D:5 1 runed translucent door, Coron's ghost, novice DDDe


Innate Abilities, Weirdness & Mutations

You are immune to sickness and miasma.
You are immune to poison.
Your flesh is very heat resistant. (rF++)
You are vulnerable to cold. (rC-)
You float through the air rather than walking.
You learn spells naturally, not from books.
Your magical power is your life essence.
You have superior vitality. (+4 MHP)
You sometimes lose the ability to read scrolls when taking damage.


Message History

The +0 halberd hits you from afar.
Your tarantella zombie hits the +0 halberd.
The +0 morningstar hits you but does no damage.
Unknown command.
Unknown command.
Unknown command.
Casting: Starburst (mildly dangerous; 1% risk of failure)
Confirm with . or Enter, or press ? or * to list all spells.
Okay, then.
Casting: Starburst (mildly dangerous; 1% risk of failure)
Confirm with . or Enter, or press ? or * to list all spells.
Aiming: Stone Arrow (safe; 0% risk of failure)
Press: ? - help, Shift-Dir - straight line, f - +0 morningstar
Aim: a +0 morningstar (moderately damaged, ally target, 55% to hit)
The stone arrow hits the +0 morningstar.
The +0 morningstar is moderately damaged.
The +0 halberd misses you.
Your tarantella zombie misses the +0 halberd.
The +0 morningstar hits you!!
You feel threatened and lose the ability to read scrolls!
The +0 halberd hits you but does no damage.
Casting: Stone Arrow (safe; 0% risk of failure)
Confirm with . or Enter, or press ? or * to list all spells.
Okay, then.
The +0 halberd hits you from afar! The +0 morningstar hits you!
* * * LOW HITPOINT WARNING * * *
Something misses the +0 halberd.
The +0 halberd hits you from afar!
* * * LOW HITPOINT WARNING * * *
The +0 morningstar barely misses you.
There is an open door here.
You cannot read scrolls in your current state!
Unknown command.
You feel yourself speed up. The +0 halberd misses you.
The +0 morningstar hits you!
* * * LOW HITPOINT WARNING * * *
Something hits the +0 halberd but does no damage.
The +0 halberd hits you but does no damage.
The +0 morningstar hits you!
You die...
Your body rises from the dead as a mindless zombie.

#......#..............>....
...................#...#...
####...#####....#...#...
#...##[##.....#..#...
#..^#...#.#...#......
#)..#...#.......#.###
##'##...#####...... .
#...#....^.##..#.. ..
+..)@....^.[#..... ..
#..)#(.....## ##8###(######
^.!.Z....# ...?.?....#
##[##./.##[## #############


You could see 2 dancing weapons.

Vanquished Creatures
  Nessos (D:14)
  Snorg (Lair:3)
  A fire dragon (D:15)
  An ice dragon (D:15)
  Fannar (Lair:1)
  2 vault guards (D:13)
  3 catoblepae
  6 hydras
  2 boulder beetles
  8 two-headed ogres
  3 centaur warriors (D:13)
  3 dancing weapons (Spider:1)
  10 death yaks
  4 tengu warriors
  3 orc high priests
  4 skeletal warriors (D:13)
  A deep elf archer (D:13)
  A steelbarb worm (Lair:4)
  A wizard (D:10)
  Pikel (D:7)
  8 orc knights
  An ugly thing (D:12)
  A deep elf pyromancer (D:15)
  An oklob plant (Lair:5)
  2 wolf spiders (Spider:1)
  3 manticores
  4 cyclopes
  5 orc sorcerers
  2 salamanders (Volcano)
  A torpor snail (Lair:6)
  A black mamba (shapeshifter) (D:13)
  5 black mambas
  3 gargoyles
  11 cane toads
  A demonic crawler (Spider:1)
  Maggie (D:8)
  An unseen horror (D:11)
  A freezing wraith (D:12)
  A kobold demonologist (D:12)
  7 komodo dragons
  A rime drake (Lair:3)
  A tengu conjurer (D:13)
  3 meliai (Spider:1)
  A wind drake (Lair:4)
  5 trolls
  2 hornets
  A polar bear (Lair:3)
  11 tarantellas (Spider:1)
  2 jumping spider zombies (Spider:1)
  3 slime creatures (D:12)
  2 blink frogs
  4 tarantella zombies (Spider:1)
  5 dream sheep (Lair:6)
  A meliai zombie (Spider:1)
  A spriggan (shapeshifter) (D:14)
  A black mamba zombie (Lair:5)
  5 jumping spiders
  A centaur simulacrum (D:15)
  5 culicivoras (Spider:1)
  A vampire (D:12)
  A shadow (D:11)
  Sigmund (D:4)
  57 yaks
  A wind drake zombie (Lair:4)
  2 wraiths (D:11)
  2 fire bats (Volcano)
  2 basilisks
  2 wyverns (Lair:5)
  2 steam dragons
  A redback (Spider:1)
  3 vampire mosquitoes (D:15)
  Menkaure (D:4)
  An elf zombie (D:13)
  4 wargs
  An acid dragon (D:12)
  A hell hound (Volcano)
  8 water moccasins
  22 orc warriors
  A dream sheep zombie (Lair:6)
  An ice beast (D:5)
  2 black bears (D:8)
  A hornet zombie (D:8)
  8 ogres
  4 boggarts (D:15)
  7 necrophages
  15 wolves
  A vampire mosquito zombie (D:15)
  10 centaurs
  2 phantoms (D:5)
  4 lemures
  Blork the orc (D:4)
  12 bullfrogs
  2 scorpions
  A cyclops zombie (D:15)
  A warg zombie (Orc:1)
  3 yak zombies
  8 killer bees
  5 wights (D:6)
  6 howler monkeys
  5 centaur zombies
  13 orc priests
  A hound (D:7)
  Ijyb (D:4)
  A gnoll shaman (D:5)
  An iron imp (D:11)
  6 iguanas
  22 orc wizards
  A hound skeleton (D:4)
  A howler monkey zombie (D:10)
  8 gnolls
  2 howler monkey skeletons
  8 adders
  A white imp (D:6)
  An ufetubus (D:3)
  5 orc zombies
  2 adder skeletons
  A worm (D:3)
  2 dart slugs
  50 orcs
  7 ball pythons
  9 endoplasms
  2 giant cockroaches (D:1)
  11 goblins
  6 hobgoblins
  11 jackals
  2 quokkas
  5 bats
  5 frilled lizards
  A jackal skeleton (D:4)
  3 kobolds
  5 rats
579 creatures vanquished.

Vanquished Creatures (collateral kills)
  A vault guard (D:13)
  A boulder beetle (Lair:1)
  2 hydras
  A two-headed ogre (D:11)
  An orc high priest (Orc:2)
  10 death yaks
  2 orc knights
  2 orc sorcerers (Orc:2)
  2 manticores (Lair:6)
  A torpor snail (Spider:1)
  A cane toad (Lair:2)
  2 rime drakes
  2 komodo dragons
  A yaktaur (D:15)
  A troll (D:12)
  A tarantella (Spider:1)
  6 blink frogs
  3 slime creatures (D:12)
  A dream sheep (Lair:6)
  A basilisk (Lair:1)
  19 yaks
  2 water moccasins
  4 orc warriors
  3 wolves
  A bullfrog (Lair:5)
  A wolf zombie (Lair:6)
  A howler monkey (D:12)
  6 orc priests
  3 orc wizards
  9 orcs
91 creatures vanquished.

Vanquished Creatures (others)
  4 death yak zombies
  2 hydra zombies
  A tarantella zombie (Spider:1)
  3 black mamba zombies
  A tengu zombie (D:15)
  A human zombie (D:10)
  A cane toad zombie (Lair:1)
  A spectral yak (D:10)
  A blink frog zombie (Lair:4)
  2 manticore zombies
  2 dream sheep zombies (Lair:6)
  A torpor snail zombie (Lair:6)
  A spectral acid dragon (D:12)
  A salamander zombie (Volcano)
  2 komodo dragon zombies
  2 wyvern zombies (Lair:5)
  A hell hound zombie (Volcano)
  A cyclops zombie (Orc:2)
  2 water moccasin zombies (Lair:6)
  A warg zombie (D:12)
  16 yak zombies
  7 wolf zombies
  3 bullfrog zombies
  3 centaur zombies
  2 spectral boggarts (D:15)
  An orc wizard (D:8)
  2 necrophage zombies (Lair:5)
  3 ogre zombies
  A howler monkey zombie (D:12)
  A steam dragon zombie (D:9)
  An iguana zombie (D:10)
  A spectral iron imp (D:11)
  38 orc zombies
  57 fungi
  56 plants
223 creatures vanquished.

Grand Total: 893 creatures vanquished

Notes
Turn   | Place    | Note
-------+----------+-------------------------------------------
     0 | D:1      | tkbsonic5 the Djinni Earth Elementalist began the quest for
                  | the Orb.
     0 | D:1      | Reached XP level 1. HP: 15/15 MP: 0/0
   121 | D:1      | Reached XP level 2. HP: 16/21 MP: 0/0
   358 | D:1      | Reached skill level 3 in Spellcasting
   513 | D:1      | Reached XP level 3. HP: 20/25 MP: 0/0
   513 | D:1      | Learned a level 1 spell: Summon Small Mammal
  1539 | D:2      | Found a basalt altar of Yredelemnul.
  1639 | D:2      | Reached XP level 4. HP: 29/31 MP: 0/0
  2004 | D:3      | Reached skill level 4 in Spellcasting
  2006 | D:3      | Reached XP level 5. HP: 22/35 MP: 0/0
  2006 | D:3      | Learned a level 2 spell: Static Discharge
  2188 | D:3      | Found a faded altar of an unknown god.
  2357 | D:3      | Found a runed translucent door.
  2358 | D:3      | Noticed Crazy Yiuf
  2918 | D:4      | Noticed Blork the orc
  2923 | D:4      | Killed Blork the orc
  2924 | D:4      | Reached skill level 5 in Spellcasting
  2924 | D:4      | Reached XP level 6. HP: 35/40 MP: 0/0
  2925 | D:4      | Noticed Menkaure
  2929 | D:4      | Killed Menkaure
  2961 | D:4      | Found Cugetolu's Jewellery Emporium.
  2963 | D:4      | Noticed an ogre
  2964 | D:4      | Noticed Sigmund
  2967 | D:4      | Noticed an ogre
  2968 | D:4      | Killed an ogre
  2969 | D:4      | Reached XP level 7. HP: 35/45 MP: 0/0
  2969 | D:4      | Learned a level 3 spell: Vampiric Draining
  2971 | D:4      | Killed Sigmund
  2972 | D:4      | Reached skill level 6 in Spellcasting
  2976 | D:4      | Reached XP level 8. HP: 23/50 MP: 0/0
  3085 | D:4      | Reached skill level 7 in Spellcasting
  3156 | D:4      | Noticed Ijyb
  3160 | D:4      | Killed Ijyb
  3230 | D:4      | Identified the +8 hand axe of Forced Transition {freeze,
                  | Contam rElec rF+ rN+ Dex+4}
  3256 | D:4      | Found a shimmering altar of Xom.
  3557 | D:5      | Entered Level 5 of the Dungeon
  3557 | D:5      | Found a sand-covered staircase.
  3565 | D:5      | Found a hide-covered altar of Uskayaw.
  3707 | D:5      | Found a runed translucent door.
  3711 | D:5      | Noticed Coron's ghost (novice DDDe)
  3880 | D:5      | Found a staircase to the Ecumenical Temple.
  3940 | Temple   | Entered the Ecumenical Temple
  4163 | D:5      | Reached skill level 8 in Spellcasting
  4472 | D:6      | Reached XP level 9. HP: 36/55 MP: 0/0
  4472 | D:6      | Learned a level 4 spell: Sticky Flame
  4831 | D:6      | Reached skill level 9 in Spellcasting
  5359 | D:7      | Noticed Pikel
  5366 | D:7      | Paralysed by Pikel for 3 turns
  5431 | D:7      | Paralysed by Pikel for 7 turns
  5441 | D:7      | Killed Pikel
  5553 | D:7      | Reached skill level 10 in Spellcasting
  5557 | D:7      | Reached XP level 10. HP: 47/60 MP: 0/0
  5690 | D:7      | Found a broken altar of Ashenzari.
  6111 | D:8      | Reached skill level 11 in Spellcasting
  6126 | D:8      | Found Bodoenoc's Magic Scroll Emporium.
  6162 | D:8      | Noticed a komodo dragon
  6167 | D:8      | Killed a komodo dragon
  6168 | D:8      | Reached skill level 1 in Fighting
  6207 | D:8      | Bought a scroll of identify for 30 gold pieces
  6207 | D:8      | Bought 2 scrolls of identify for 60 gold pieces
  6207 | D:8      | Bought a scroll of magic mapping for 52 gold pieces
  6207 | D:8      | Bought a scroll of fear for 52 gold pieces
  6207 | D:8      | Bought a scroll of identify for 30 gold pieces
  6207 | D:8      | Bought a scroll of fog for 30 gold pieces
  6229 | D:8      | Noticed Maggie
  6238 | D:8      | Killed Maggie
  6299 | D:8      | Gained mutation: You sometimes lose the ability to read
                  | scrolls when taking damage. [mutagenic glow]
  6326 | D:8      | Found a staircase to the Lair.
  6775 | D:8      | Found a burning altar of Makhleb.
  6905 | D:3      | Prayed at the altar of an unknown god.
  6905 | D:3      | Became a worshipper of Yredelemnul the Dark
  6905 | D:3      | Reached * piety under Yredelemnul
  7281 | D:9      | Reached ** piety under Yredelemnul
  7300 | D:9      | Found a basalt altar of Yredelemnul.
  7357 | D:9      | Reached skill level 1 in Invocations
  7399 | D:9      | Reached XP level 11. HP: 66/73 MP: 0/0
  7399 | D:9      | Learned a level 5 spell: Irradiate
  7401 | D:9      | Reached *** piety under Yredelemnul
  7403 | D:9      | Reached **** piety under Yredelemnul
  8125 | D:10     | Entered Level 10 of the Dungeon
  8129 | D:10     | Noticed a two-headed ogre
  8132 | D:10     | Killed a two-headed ogre
  8133 | D:10     | Reached skill level 5 in Fighting
  8175 | D:10     | Noticed a wizard
  8184 | D:10     | Killed a wizard
  8220 | D:10     | Reached skill level 12 in Spellcasting
  8407 | D:10     | Found a bloodstained altar of Trog.
  8870 | D:11     | Found a snail-covered altar of Cheibriados.
  8883 | D:11     | Reached skill level 1 in Polearms
  9536 | D:11     | Noticed a two-headed ogre
  9542 | D:11     | Killed a two-headed ogre
  9648 | D:11     | Noticed a two-headed ogre
  9654 | D:11     | Killed a two-headed ogre
  9655 | D:11     | Reached XP level 12. HP: 74/84 MP: 0/0
  9946 | Lair:1   | Entered Level 1 of the Lair of Beasts
  9946 | Lair:1   | Noticed a four-headed hydra
  9949 | Lair:1   | Killed a four-headed hydra
 10053 | Lair:1   | Noticed a boulder beetle
 10081 | Lair:1   | Killed a boulder beetle
 10617 | Lair:1   | Noticed Fannar
 10629 | Lair:1   | Killed Fannar
 10630 | Lair:1   | Reached skill level 5 in Dodging
 10673 | Lair:1   | Reached ***** piety under Yredelemnul
 11058 | Lair:2   | Reached skill level 13 in Spellcasting
 11135 | Lair:2   | Identified the +2 pair of gloves of Luhyrebb {rElec rF+
                  | Will++ Str-4}
 11397 | Lair:2   | Reached XP level 13. HP: 75/92 MP: 0/0
 11397 | Lair:2   | Learned a level 5 spell: Fireball
 12147 | D:4      | Bought a ring of fire for 250 gold pieces
 12395 | Lair:3   | Noticed Snorg
 12403 | Lair:3   | Killed Snorg
 12619 | Lair:3   | Identified the +8 long sword of Purpose {speed, SInv}
 12765 | Lair:4   | Noticed a five-headed hydra
 12768 | Lair:4   | Reached skill level 1 in Long Blades
 13078 | Lair:4   | Found a staircase to the Shoals.
 13086 | Lair:4   | Killed a five-headed hydra
 13190 | Lair:4   | Found a hole to the Spider Nest.
 13212 | Lair:4   | You are sucked into a shaft and drop 2 floors!
 13212 | Lair:6   | Entered Level 6 of the Lair of Beasts
 13237 | Lair:6   | Reached skill level 14 in Spellcasting
 13249 | Lair:6   | Reached ****** piety under Yredelemnul
 13395 | Lair:6   | Noticed a four-headed hydra
 13401 | Lair:6   | Killed a four-headed hydra
 13594 | Lair:6   | Reached XP level 14. HP: 95/102 MP: 0/0
 13875 | Lair:6   | Reached skill level 5 in Long Blades
 13886 | Lair:6   | Reached skill level 10 in Fighting
 13886 | Lair:6   | Reached skill level 5 in Invocations
 15096 | Lair:5   | Found a sparkling altar of Nemelex Xobeh.
 15184 | Lair:5   | Reached XP level 15. HP: 86/107 MP: 0/0
 15184 | Lair:5   | Learned a level 6 spell: Starburst
 15296 | Lair:5   | Reached skill level 15 in Spellcasting
 15377 | Lair:5   | Found a staircase to the Slime Pits.
 16753 | D:12     | Found a staircase to the Orcish Mines.
 16759 | D:12     | Identified the +10 scythe "Impslayer" {pain, rElec Str+6
                  | Dex+5}
 16848 | D:12     | Found an ornate altar of the Wu Jian Council.
 16880 | D:12     | Reached skill level 5 in Polearms
 17606 | D:13     | Found a gate to the Vaults.
 18152 | D:13     | Reached skill level 16 in Spellcasting
 18654 | D:14     | Noticed Nessos
 18663 | D:14     | Killed Nessos
 19327 | D:15     | Entered Level 15 of the Dungeon
 19484 | D:15     | Reached XP level 16. HP: 78/114 MP: 0/0
 19776 | D:15     | Found a blossoming altar of Fedhas.
 20938 | D:15     | Found a portal to a secret trove of treasure.
 21558 | D:15     | Found a staircase to the Depths.
 21656 | Orc:1    | Entered Level 1 of the Orcish Mines
 21817 | Orc:1    | Found a dark tunnel.
 21822 | Volcano  | Entered a volcano
 22839 | Orc:2    | Entered Level 2 of the Orcish Mines
 22839 | Orc:2    | Found a staircase to the Elven Halls.
 23135 | Orc:2    | Reached skill level 17 in Spellcasting
 23343 | Orc:2    | Found Luaps's General Store.
 23343 | Orc:2    | Found Iviracru's Antique Weapon Shoppe.
 23344 | Orc:2    | Found Jousm's Jewellery Shop.
 23344 | Orc:2    | Found Wuhiotel's Antique Armour Shop.
 23352 | Orc:2    | Bought the +3 crown of Dyrovepreva {rElec Int+2 SInv} for
                  | 1200 gold pieces
 23352 | Orc:2    | Found the +3 crown of Dyrovepreva {rElec Int+2 SInv}
 23352 | Orc:2    | Bought a runed orb for 348 gold pieces
 23797 | Spider:1 | Entered Level 1 of the Spider Nest
 24202 | Spider:1 | Found a runed translucent door.
 24354 | Spider:1 | Slain by a +0 morningstar

Illustrated notes

Levels and vault maps discovered:
D:1:      dpeg_arrival_houses_and_road, layout_basic, st_stairs_1,
          minmay_split_cup_large
D:2:      layout_loops_ring, basic_altar
D:3:      layout_basic, hellmonk_ecumenical_altar_lost_god, minmay_box_of_dots,
          uniq_crazy_yiuf_cottage
D:4:      layout_cave_pools, tgw_xom, serial_shops, shop, minmay_bisected,
          uniq_blork_the_orc, uniq_sigmund, uniq_ijyb, uniq_menkaure
D:5:      layout_gridville, mainiacjoe_overflow_catwalk,
          minmay_temple_entry_junction_2, ebering_ghost_sewer_d,
          lightli_ossuary_entry_decrepit_ruins, kennysheep_generic_room_4
D:6:      layout_basic, minmay_misc_feat_five
D:7:      layout_rooms, mainiacjoe_overflow_brackets, uniq_pikel
D:8:      layout_basic, tso_altar, gammafunk_temple_overflow_pools,
          grunt_lair_entry_orc_guard_hut, serial_shops, shop, serial_rivers,
          chequers_serial_rivers_small_3, chequers_serial_rivers_micro_c,
          chequers_serial_rivers_room_a, chequers_serial_rivers_micro_c,
          chequers_serial_rivers_room_a, chequers_serial_rivers_room_b,
          serial_bayou_pond_e, uniq_maggie
D:9:      layout_basic, mainiacjoe_overflow_chevrons
D:10:     layout_loops_cross, trog_butcher_becter
D:11:     layout_cave_pools, slow_altar_1
D:12:     layout_irregular_city, erik_orc_4, nzn_wu_jian_contemplation
D:13:     layout_stronghold, grunt_vaults_entry_fortified,
          kennysheep_generic_room_11
D:14:     layout_stronghold, hangedman_decor_peaks_small, uniq_nessos
D:15:     grunt_enter_depths_hoard, layout_irregular_city, fedhas_altar_4,
          enter_trove_3
Temple:   nicolae_temple_great_sept
Lair:1:   layout_cave_pods, nzn_sisyphean_effort, grunt_megastairs_2,
          uniq_fannar
Lair:2:   layout_cave_pods
Lair:3:   layout_misc_corridors, chequers_serial_rivers_micro_c,
          serial_bayou_shore_b, uniq_snorg
Lair:4:   layout_misc_corridors, minmay_shoals_entry_beasts,
          spider_nest_entry_a, st_stairs_5
Lair:5:   layout_cave_pods, minmay_slime_entry_oklob_enclosed, basic_altar,
          roderic_carrion_pond
Lair:6:   evilmike_catoblepas_cave, layout_long_grid, lemuel_fruit_tree,
          serial_bayou_shore_b
Spider:1: cheibrodos_spider_deadly_dance, hangedman_spider_tarantella_strand,
          uniq_aizul
Orc:1:    layout_caves, enter_volcano_4
Orc:2:    st_orc_elflike, layout_caves

Skill      XL: |  1  2  3  4  5  6  7  8  9 10 11 12 13 14 15 16 |
---------------+-------------------------------------------------+-----
Spellcasting   | 3 4 5 6 8 10 11 12 13 14 16 17 | 17.3
Dodging        | 4 6 7 9 |  9.1
Fighting       | 4 6 8 9 10 | 10.4
Invocations    | 1 3 6 |  6.7
Polearms       | 3 4 7 |  7.1
Long Blades    | 4 5 7 |  7.1
Stealth        | |  1.5
Shields        | |  0.9

Action                   |  1- 3 |  4- 6 |  7- 9 | 10-12 | 13-15 | 16-18 || total
-------------------------+-------+-------+-------+-------+-------+-------++-------
Melee: Dagger            |     1 |       |     1 |       |       |       ||     2
       Hand axe          |       |       |     6 |     1 |       |       ||     7
       Lance             |       |       |       |    24 |     1 |       ||    25
       Long sword        |       |       |       |       |    27 |     1 ||    28
       Triple sword      |       |       |       |       |       |     4 ||     4
 Fire: Hunting sling     |     3 |       |       |       |       |       ||     3
Throw: Dart              |       |       |       |       |       |     4 ||     4
 Cast: Sandblast         |    52 |    39 |     1 |     5 |     6 |       ||   103
       Stone Arrow       |     1 |     9 |   100 |   194 |    17 |    29 ||   350
       Petrify           |       |       |    10 |    15 |     3 |     5 ||    33
       Sticky Flame      |       |       |     4 |    13 |    35 |    21 ||    73
       Vampiric Draining |       |       |       |    24 |    47 |     8 ||    79
       Irradiate         |       |       |       |     8 |     2 |       ||    10
       Summon Small Mamm |       |       |       |     3 |     4 |     3 ||    10
       Static Discharge  |       |       |       |     2 |     2 |       ||     4
       Fireball          |       |       |       |       |   219 |    85 ||   304
       Starburst         |       |       |       |       |    13 |    50 ||    63
Invok: Dark Bargain      |       |       |       |     2 |     4 |     5 ||    11
       Bind Soul         |       |       |       |       |     2 |       ||     2
       Recall Undead Har |       |       |       |       |       |     1 ||     1
Evoke: Wand              |       |       |       |     3 |     2 |     9 ||    14
  Use: Scroll            |       |     4 |     6 |    14 |    11 |    10 ||    45
       Potion            |       |       |     1 |     2 |     7 |     2 ||    12
 Stab: Petrified         |       |       |     2 |     5 |     2 |       ||     9
       Petrifying        |       |       |     1 |       |       |       ||     1
       Distracted        |       |       |       |     1 |       |       ||     1
Armor: Robe              |     2 |     1 |    11 |     5 |       |       ||    19
       Steam dragon scal |       |       |       |    26 |    39 |    43 ||   108
Dodge: Dodged            |     9 |     4 |    12 |    60 |    76 |    73 ||   234
Block: Buckler           |       |       |       |       |     2 |     7 ||     9
